 Dungeon Crawl Stone Soup version 0.26.0-10-g1f06aea511 (webtiles) character file.

Game seed: 16148257976948170050

46 funkygono the Firebug (level 3, -1/24 HPs)
             Began as a Demonspawn Fire Elementalist on Jan 24, 2021.
             Slain by a gnoll
             ... wielding a +0 flail
              (11 damage)
             ... on level 2 of the Dungeon.
             The game lasted 00:03:19 (1725 turns).

funkygono the Firebug (DsFE)                        Turns: 1725, Time: 00:03:20

Health: -1/24      AC:  2    Str:  8    XL:     3   Next: 46%
Magic:  0/6        EV: 12    Int: 17    God:
Gold:   60         SH:  0    Dex: 13    Spells: 6/7 levels left

rFire    . . .     SeeInvis .   e - +0 short sword
rCold    . . .     Faith    .   (no shield)
rNeg     . . .     Spirit   .   a - +0 robe
rPois    .         Reflect  .   (no helmet)
rElec    .         Harm     .   (no cloak)
rCorr    .         Rampage  .   (no gloves)
Will     .....                  (no boots)
Stlth    ++........             c - amulet of regeneration
HPRegen  0.48/turn              (no ring)
MPRegen  0.10/turn              (no ring)

@: no status effects
A: claws 2
a: no special abilities


You were on level 2 of the Dungeon.
You visited 1 branch of the dungeon, and saw 2 of its levels.

You collected 60 gold pieces.

Inventory:

Hand Weapons
 e - a +0 short sword (weapon)
Armour
 a - a +0 robe (worn)
 d - a +0 buckler
Jewellery
 c - an amulet of regeneration (around neck)
Scrolls
 b - a scroll of identify
 f - 2 scrolls of teleportation


   Skills:
 + Level 1.9 Dodging
 + Level 2.1 Stealth
 * Level 2.5 Spellcasting
 * Level 1.5 Conjurations
 * Level 3.3 Fire Magic


You had 6 spell levels left.
You knew the following spells:

 Your Spells              Type           Power        Failure   Level
a - Foxfire               Conj/Fire      40%          7%          1

Your spell library contained the following spells:

 Spells                   Type           Power        Failure   Level
 Conjure Flame            Conj/Fire      10%          21%         3
 Inner Flame              Hex/Fire       7%           28%         3
 Sticky Flame             Conj/Fire      10%          56%         4
 Fireball                 Conj/Fire      5%           88%         5


Dungeon Overview and Level Annotations

Branches:
Dungeon (2/15)

Altars:


Innate Abilities, Weirdness & Mutations

You have very sharp fingernails.


Message History

The gnoll is heavily wounded.
The foxfire hits the gnoll.
The gnoll is heavily wounded.
Casting: Foxfire (safe; 7% risk of failure)
Confirm with . or Enter, or press ? or * to list all spells.
You conjure some foxfire!
The gnoll completely misses you.
Your foxfire dissipates!
The foxfire hits the gnoll but does no damage.
The gnoll is heavily wounded.
Casting: Foxfire (safe; 7% risk of failure)
Confirm with . or Enter, or press ? or * to list all spells.
You conjure some foxfire!
The foxfire hits the gnoll.
The gnoll is severely wounded.
The gnoll hits you with a +0 flail!
The foxfire hits the gnoll.
The gnoll is severely wounded.
Casting: Foxfire (safe; 7% risk of failure)
Confirm with . or Enter, or press ? or * to list all spells.
You conjure some foxfire!
The gnoll hits you with a +0 flail!
You die...

..#.# #.# #....#
####.###.# #.##.####
#...#.# #.##....##
###...# #.##.....##
####..#####....)...<#
#..........#........#
#..........#........#
#...v.g....##......##
#<..v@g....###.....##
#############..รท....#
#.......# #.......#
##.....## ##...##
#####


You could see 2 gnolls.

Vanquished Creatures
  A gnoll (D:2)
  An adder (D:2)
  A worm (D:2)
  A dart slug (D:1)
  2 giant cockroaches (D:1)
  3 goblins
  2 jackals (D:1)
  6 kobolds
  3 bats
  3 frilled lizards
  2 rats (D:1)
25 creatures vanquished.

Vanquished Creatures (others)
  86 foxfires
  A fungus (D:2)
87 creatures vanquished.

Grand Total: 112 creatures vanquished

Notes
Turn   | Place    | Note
-------+----------+-------------------------------------------
     0 | D:1      | funkygono the Demonspawn Fire Elementalist began the quest
                  | for the Orb.
     0 | D:1      | Reached XP level 1. HP: 13/13 MP: 3/3
   430 | D:1      | Reached skill level 3 in Fire Magic
   488 | D:1      | Gained mutation: You have sharp fingernails. [demonic
                  | ancestry]
   488 | D:1      | Reached XP level 2. HP: 19/19 MP: 0/5
  1515 | D:2      | Gained mutation: You have very sharp fingernails. [demonic
                  | ancestry]
  1515 | D:2      | Reached XP level 3. HP: 24/24 MP: 0/6
  1725 | D:2      | Slain by a gnoll

Illustrated notes

Levels and vault maps discovered:
D:1:      lightli_arrival_windingriver, layout_basic, serial_park_tiny_1,
          roderic_roman_lattice
D:2:      layout_rooms, chequers_ecumenical_altar_twisty, uniq_terence,
          uniq_crazy_yiuf_cottage

Skill      XL: |  1  2 |
---------------+-------+-----
Fire Magic     | 3 |  3.3
Stealth        | 2 |  2.1
Dodging        | |  1.9
Spellcasting   | |  2.5
Conjurations   | |  1.5

Action                   || total
-------------------------++-------
Melee: Unarmed           ||     9
 Cast: Foxfire           ||    55
  Use: Scroll            ||     2
Armor: Robe              ||     4
Dodge: Dodged            ||    21
